 Dungeon Crawl Stone Soup version 0.26-a0-784-g51bffae (webtiles) character file.

Game seed: 2048556453303196966

167 Kalegnar the Distorting Demonspawn (level 5, 0/42 HPs)
             Began as a Demonspawn Abyssal Knight on Nov 9, 2020.
             Was a Believer of Lugonu.
             Slain by a kobold (2 damage)
             ... in a sewer.
             The game lasted 00:08:59 (2840 turns).

Kalegnar the Distorting Demonspawn (DsAK)           Turns: 2840, Time: 00:09:00

Health: 0/42       AC:  3    Str: 14    XL:     5   Next: 23%
Magic:  6/8        EV: 13    Int: 13    God:    Lugonu [**....]
Gold:   122        SH:  0    Dex: 12    Spells: 4/4 levels left

rFire    . . .     SeeInvis .   a - +1 spear
rCold    . . .     Faith    .   (no shield)
rNeg     . . .     Spirit   .   p - +0 leather armour (curse)
rPois    .         Reflect  .   (no helmet)
rElec    .         Harm     .   (no cloak)
rCorr    .         Rampage  .   (no gloves)
MR       .....                  (no boots)
Stlth    +.........             (no amulet)
HPRegen  0.14/turn              (no ring)
MPRegen  0.11/turn              (no ring)

@: no status effects
A: repulsion field 1, rot immunity
a: Depart the Abyss, Bend Space, Renounce Religion


You were in a sewer.
You worshipped Lugonu.
Lugonu was pleased with you.
You visited 1 branch of the dungeon, and saw 3 of its levels.
You visited the Abyss 1 time.
You also visited: Sewer.

You collected 122 gold pieces.

Inventory:

Hand Weapons
 a - a +1 spear (weapon)
Missiles
 j - 7 poisoned darts (quivered)
Armour
 p - a cursed +0 leather armour (worn)
Scrolls
 b - a scroll of enchant weapon {unknown}
 d - a scroll of enchant armour {unknown}
 k - 2 scrolls of remove curse
 m - a scroll of amnesia {unknown}
 o - a scroll of noise {unknown}
Potions
 c - a potion of curing {unknown}
 e - a potion of flight {unknown}
 f - a potion of haste {unknown}
 g - 2 potions of heal wounds {unknown}
 h - a potion of lignification {unknown}
 i - 2 potions of berserk rage {unknown}
 l - a potion of might {unknown}
 n - a potion of magic {unknown}


   Skills:
 + Level 3.9 Fighting
 + Level 2.9 Polearms
 + Level 1.6 Throwing
 - Level 2.0 Armour
 - Level 1.0 Dodging
 + Level 4.2 Invocations


You had 4 spell levels left.
You didn't know any spells.
Your spell library was empty.

Dungeon Overview and Level Annotations

Branches:
Dungeon (3/15)              Sewer (1/1)

Altars:


Innate Abilities, Weirdness & Mutations

You are surrounded by a mild repulsion field. (EV +2)
You are immune to rotting.


Message History

The kobold completely misses you.
The kobold splashes around in the water.
You barely miss the big kobold.
The big kobold is almost dead.
The kobold hits you but does no damage. The big kobold closely misses you.
The kobold splashes around in the water. x2
You hit the big kobold.
You kill the big kobold!
Lugonu accepts your kill.
Your Invocations skill increases to level 4!
You have reached level 5!
The kobold closely misses you. The kobold hits you.
* * * LOW HITPOINT WARNING * * *
The kobold barely misses you.
You hit the kobold but do no damage.
The kobold is moderately wounded.
The kobold hits you.
* * * LOW HITPOINT WARNING * * *
The kobold hits you.
You die...

## ############ ∩#
#....≈..≈≈.###.###
#.≈≈≈≈≈.≈.≈......##
.#≈≈≈≈≈≈≈≈≈≈≈≈≈≈≈≈≈≈
...≈≈≈≈≈≈≈≈≈≈≈≈≈≈≈≈≈
#≈≈≈≈≈≈≈≈≈≈≈≈≈≈≈≈≈≈
#≈.≈≈≈(≈.KK......#
#(≈..†(..†@#######
#########K## #≈# #≈#
#≈# #≈# #≈# #≈# #≈#


You could see 3 kobolds.

Vanquished Creatures
  A big kobold (Sewer)
  2 river rats
  An ooze (D:3)
  2 worms (D:2)
  2 dart slugs
  7 leopard geckos
  4 giant cockroaches
  5 goblins
  6 hobgoblins
  3 jackals
  4 kobolds
  A quokka (D:3)
  5 bats
  5 frilled lizards
  15 rats
63 creatures vanquished.

Notes
Turn   | Place    | Note
-------+----------+-------------------------------------------
     0 | Abyss:1  | Kalegnar the Demonspawn Abyssal Knight began the quest for
                  | the Orb.
     0 | Abyss:1  | Reached XP level 1. HP: 18/18 MP: 2/2
    15 | D:1      | Escaped the Abyss
    77 | D:1      | Reached skill level 1 in Dodging
   289 | D:1      | Gained mutation: You are immune to rotting. [demonic
                  | ancestry]
   289 | D:1      | Reached XP level 2. HP: 20/24 MP: 4/4
   448 | D:1      | Reached ** piety under Lugonu
   461 | D:1      | Reached skill level 3 in Invocations
   696 | D:1      | Reached XP level 3. HP: 26/29 MP: 5/5
  2430 | D:3      | Gained mutation: You are surrounded by a mild repulsion
                  | field. (EV +2) [demonic ancestry]
  2430 | D:3      | Reached XP level 4. HP: 35/36 MP: 6/6
  2516 | D:3      | Reached skill level 1 in Throwing
  2576 | D:3      | Found a glowing drain.
  2582 | Sewer    | Entered a sewer
  2798 | Sewer    | Noticed a big kobold
  2839 | Sewer    | Killed a big kobold
  2839 | Sewer    | Reached skill level 4 in Invocations
  2839 | Sewer    | Reached XP level 5. HP: 4/42 MP: 6/8
  2840 | Sewer    | HP: 2/42 [kobold (1)]
  2840 | Sewer    | Slain by a kobold

Illustrated notes

Levels and vault maps discovered:
D:1:      lemuel_arrival_room, layout_loops_ring, st_stairs_9
D:2:      layout_rooms
D:3:      layout_basic, gup_sewer_entry_bubbles
Sewer:    sewer_kobolds

Skill      XL: |  1  2  3  4 |
---------------+-------------+-----
Dodging        | 1 |  1.0
Polearms       | 2 |  2.9
Armour         | 2 |  2.0
Invocations    | 3 4 |  4.2
Throwing       | 1 |  1.6
Fighting       | |  3.9

Action                   |  1- 3 |  4- 6 || total
-------------------------+-------+-------++-------
Melee: Spear             |   218 |    87 ||   305
Throw: Dart              |       |     4 ||     4
  Use: Scroll            |     1 |       ||     1
 Stab: Sleeping          |     2 |       ||     2
       Distracted        |     1 |       ||     1
Armor: Leather armour    |    34 |    15 ||    49
Dodge: Dodged            |    94 |    53 ||   147

Table legend: (Time is in decaauts)
 A = Elapsed time spent in this place.
 B = Non-inter-level travel time spent in this place.
 C = Inter-level travel time spent in this place.
 D = Time resting spent in this place.
 E = Time spent auto-exploring this place.
 F = Levels seen in this place.
 G = Mean time per level.
                   A        B        C        D        E       F      G
               +--------+--------+--------+--------+--------+-----+--------+
         Total |   2867 |   2790 |     77 |    892 |   1243 |   5 |  573.4 |
       Dungeon |   2583 |   2506 |     77 |    723 |   1204 |   3 |  861.0 |
         Abyss |     15 |     15 |      0 |      0 |      0 |   1 |   15.0 |
         Sewer |    269 |    269 |      0 |    169 |     39 |   1 |  269.0 |
               +--------+--------+--------+--------+--------+-----+--------+

Top non-repeatable levels by time:
     D:1: 1514 daAuts
     D:2: 803 daAuts
   Sewer: 269 daAuts
     D:3: 264 daAuts
 Abyss:1: 15 daAuts
